 Dungeon Crawl Stone Soup version 0.29.1-15-g9cfb28693d (webtiles) character file.

Game seed: 13058776523240833341

4843 H0rd4k the Magician (level 10, -2/65 HPs)
             Began as an Octopode Artificer on Mar 15, 2023.
             Was an Initiate of Gozag.
             Killed from afar by a manticore (16 damage)
             ... with a volley of spikes
             ... on level 11 of the Dungeon.
             The game lasted 00:19:04 (12896 turns).

H0rd4k the Magician (Octopode Artificer)           Turns: 12896, Time: 00:19:04

Health: -2/65      AC:  5    Str: 11    XL:     10   Next: 49%
Magic:  21/21      EV: 13    Int: 17    God:    Gozag
Gold:   724        SH:  0    Dex: 14    Spells: 18/24 levels left

rFire   . . .      SeeInvis +     - Unarmed
rCold   . . .      Faith    .   (no shield)
rNeg    . . .      Spirit   .   (helmet restricted)
rPois   +          Reflect  .   (no amulet)
rElec   .          Harm     .   q - +4 ring of protection
rCorr   .          Rampage  .   d - ring of willpower
Will    +....                   v - ring of poison resistance
Stlth   +++.......              w - ring of see invisible
HPRegen 0.20/turn               (no ring)
MPRegen 0.17/turn               (no ring)
                                (no ring)
                                (no ring)

@: brilliant, about to teleport, spiked, gold aura, attractive, hasted
(expiring), very quick
A: almost no armour, amphibious, 8 rings, camouflage 1, gelatinous body 1,
(nimble swimmer 1), tentacles
a: Renounce Religion, Potion Petition, Call Merchant, Bribe Branch


You were on level 11 of the Dungeon.
You worshipped Gozag.
Gozag was pleased with you.
You visited 2 branches of the dungeon, and saw 12 of its levels.

You collected 850 gold pieces.
You paid 126 gold pieces to Gozag.

Inventory:

Missiles
 k - 35 poisoned darts
Magical Staves
 t - a staff of conjuration
Jewellery
 d - a ring of willpower (right tentacle)
 o - an amulet of faith
 q - a +4 ring of protection (left tentacle)
 v - a ring of poison resistance (on tentacle)
 w - a ring of see invisible (on tentacle)
Wands
 c - a wand of paralysis (4)
 s - a wand of iceblast (2)
Scrolls
 a - 7 scrolls of amnesia
 f - a scroll of enchant weapon
 g - a scroll of blinking
 h - 2 scrolls of teleportation
 i - a scroll of magic mapping
 l - 2 scrolls of fear
 n - 2 scrolls of noise
 u - a scroll of enchant armour
 x - 2 scrolls of immolation
Potions
 b - a potion of flight
 j - 2 potions of degeneration
 m - 2 potions of haste
 z - 4 potions of attraction
 A - a potion of brilliance


   Skills:
 - Level 4.9 Fighting
 + Level 0.1(0.3) Short Blades
 + Level 0.4(0.5) Long Blades
 + Level 0.1(0.2) Axes
 + Level 1.1 Throwing
 - Level 2.3 Dodging
 - Level 1.3 Stealth
 + Level 0.1 Shields
 - Level 5.7 Unarmed Combat
 * Level 7.8 Spellcasting
 + Level 1.2 Conjurations
 + Level 0.1 Hexes
 * Level 7.3 Summonings
 - Level 2.1 Translocations
 + Level 0.9 Transmutations
 + Level 0.1 Fire Magic
 - Level 4.5 Ice Magic
 + Level 0.1 Air Magic
 + Level 0.2 Earth Magic
 + Level 0.2 Poison Magic
 + Level 0.1 Invocations
 - Level 3.2 Evocations


You had 18 spell levels left.
You knew the following spells:

 Your Spells              Type           Power      Damage    Failure   Level
a - Summon Ice Beast      Ice/Summ       40%        N/A       9%          4
b - Blink                 Tloc           40%        N/A       7%          2

Your spell library contained the following spells:

 Spells                   Type           Power      Damage    Failure   Level
 Foxfire                  Conj/Fire      52%        2x1d6     9%          1
 Lesser Beckoning         Tloc           20%        N/A       13%         3
 Sublimation of Blood     Necr           10%        N/A       16%         2
 Conjure Flame            Conj/Fire      13%        6-21      24%         3
 Dazzling Flash           Conj/Hex       26%        N/A       24%         3
 Ignite Poison            Fire/Tmut/Pois 12%        N/A       26%         3
 Mephitic Cloud           Conj/Pois/Air  12%        N/A       26%         3
 Inner Flame              Hex/Fire       10%        N/A       30%         3
 Iskenderun's Mystic Bla  Conj/Tloc      18%        2d6       47%         4
 Summon Mana Viper        Hex/Summ       29%        N/A       54%         5
 Flame Wave               Conj/Fire      13%        2d6       63%         4
 Petrify                  Tmut/Erth      12%        N/A       63%         4
 Manifold Assault         Tloc           20%        N/A       77%         5
 Freezing Cloud           Conj/Ice/Air   10%        6-21      78%         5
 Irradiate                Conj/Tmut      7%         3d14      88%         5
 Monstrous Menagerie      Summ           23%        N/A       99%         7
 Starburst                Conj/Fire      6%         6d4       100%        6


Dungeon Overview and Level Annotations

Branches:
Dungeon (11/15)            Temple (1/1) D:7            Lair (0/5) D:10
    Orc (0/2) D:10

Altars:
Ashenzari
Cheibriados
Dithmenos
Elyvilon
Fedhas
Gozag
Hepliaklqana
Kikubaaqudgha
Makhleb
Nemelex Xobeh
Okawaru
Qazlal
Ru
Sif Muna
Trog
Uskayaw
Vehumet
Wu Jian
Xom
Yredelemnul
Zin
The Shining One

Shops:
D:7 :   D:8 *

Annotations:
D:4 exclusion: downstairs
D:5 exclusion: downstairs
D:6 3 runed translucent doors, exclusion: 3 doors, Sensen's ghost, novice GnWn
D:7 exclusions: upstairs and 1 more exclusion
D:8 exclusions: 2 downstairs, orc warrior and wyvern
D:9 exclusion: hydra
D:10 exclusions: hornet and wyvern, Nergalle


Innate Abilities, Weirdness & Mutations

You cannot wear most types of armour.
You are amphibious.
You can wear up to eight rings at the same time.
Your skin changes colour to match your surroundings (Stealth+).
Your rubbery body absorbs attacks. (AC +1, EV +1)
((You are camouflaged when in or above water. (Stealth+)))
You have tentacles for arms and can constrict up to eight enemies at once.


Message History

The centaur is attracted toward you.
Unknown command.
The orc wizard is attracted toward you. The centaur is attracted toward you. x2
The manticore is attracted toward you. The orc wizard is attracted toward you.
The centaur is attracted toward you. The manticore is attracted toward you.
The centaur attacks as you move away!
The centaur unwields a +0 shortbow.
The centaur hits you but does no damage.
The centaur kicks you. The centaur is attracted toward you.
The orc wizard is attracted toward you. The orc is attracted toward you.
Something is attracted toward you.
There is an open door here.
The centaur wields a +0 shortbow.
The centaur shoots an arrow.
The arrow hits you!
* * * LOW HITPOINT WARNING * * *
You hear a shout!
The centaur is attracted toward you. The orc wizard is attracted toward you.
You tentacle-slap the centaur.
The centaur is almost dead.
The centaur unwields a +0 shortbow.
The centaur barely misses you.
The centaur kicks you but does no damage.
The manticore is attracted toward you.
You bludgeon the centaur!
You kill the centaur!
The orc wizard is attracted toward you. The manticore is attracted toward you.
The orc is attracted toward you. The orc wizard is attracted toward you.
The manticore is attracted toward you. The orc is attracted toward you.
The orc wizard is attracted toward you. The manticore is attracted toward you.
As you read the scroll of teleportation, it crumbles to dust.
You feel strangely unstable. The manticore is attracted toward you.
The orc wizard is attracted toward you.
Your extra speed is starting to run out.
The manticore is attracted toward you. The orc wizard is attracted toward you.
The centaur is attracted toward you.
The manticore flicks its tail.
The volley of spikes hits you!
The barbed spikes become lodged in your body.
You die...
Your body crumbles into a pile of gold.

#c....#..#..........#
#..O..#..#..........+
#....##..#.......§..#
#....##..#.....c.c§.###
#......[.#....####§...#
#........#....'..#c...#
#...?.§..#....#..#§...#
#######..#....#.c§o...#
.....#'##...@#.o#....#####.
#.............#.§###§.......
#...........cH#.o..'....§...
#............o#.§.o#.H.§....
#...........§§##§###§.§§....
#######.......§§§§......######
#............)....#.....
#.................#.....
#.................#.....


You could see a manticore, a centaur and an orc wizard (paralysed).

Vanquished Creatures
  2 trolls
  A shadow (D:11)
  A wraith (D:10)
  2 yaks (D:9)
  A nameless horror (D:9)
  A water moccasin (D:6)
  Duvessa (D:5)
  A sky beast (D:8)
  2 black bears (D:8)
  5 centaurs
  4 lemures (D:9)
  2 kobold brigands
  3 bullfrogs
  Blork the orc (D:5)
  A scorpion (D:7)
  8 wights
  A killer bee (D:10)
  A howler monkey (D:8)
  3 hounds
  7 orc priests
  2 iguanas
  5 orc wizards
  7 adders
  A white imp (D:6)
  3 worms
  4 dart slugs
  23 orcs
  9 bats
  4 endoplasms
  6 giant cockroaches
  6 hobgoblins
  7 jackals (D:2)
  3 quokkas
  9 ball pythons
  11 frilled lizards
  4 goblins
  13 kobolds
  7 rats
  A spectral hobgoblin (D:5)
173 creatures vanquished.

Vanquished Creatures (collateral kills)
  Pikel (D:9)
  A hornet (D:10)
  2 yaks (D:9)
  A water moccasin (D:9)
  A black bear (D:5)
  2 wights (D:5)
  Dowan (D:5)
  2 killer bees (D:10)
  3 orcs (D:5)
  A goblin (D:2)
  A hobgoblin (D:2)
  A kobold (D:10)
  A rat (D:1)
18 creatures vanquished.

Vanquished Creatures (others)
  An ogre (D:5)
  A hound (D:5)
  Robin (D:2)
  2 adders
  An orc (D:6)
  A ball python (D:1)
  19 fungi (D:5)
  26 plants
52 creatures vanquished.

Grand Total: 243 creatures vanquished

Notes
Turn   | Place    | Note
-------+----------+-------------------------------------------
     0 | D:1      | H0rd4k the Octopode Artificer began the quest for the Orb.
     0 | D:1      | Reached XP level 1. HP: 13/13 MP: 1/1
    55 | D:1      | Found a faded altar of an unknown god.
    72 | D:1      | Reached XP level 2. HP: 12/18 MP: 1/3
    76 | D:1      | Reached skill level 1 in Spellcasting
   841 | D:1      | Reached XP level 3. HP: 24/24 MP: 3/5
  1181 | D:2      | Noticed Robin
  1186 | D:2      | Reached skill level 1 in Unarmed Combat
  1203 | D:2      | Your ally Robin died
  1891 | D:2      | Reached XP level 4. HP: 29/30 MP: 6/6
  2641 | D:3      | Reached XP level 5. HP: 13/35 MP: 6/8
  2943 | D:3      | Found a shadowy altar of Dithmenos.
  2945 | D:3      | Found a glowing golden altar of the Shining One.
  3359 | D:3      | Found a radiant altar of Vehumet.
  3369 | D:3      | Found a shimmering blue altar of Sif Muna.
  4044 | D:4      | Reached XP level 6. HP: 42/42 MP: 9/9
  4447 | D:5      | Entered Level 5 of the Dungeon
  4471 | D:5      | Learned a level 4 spell: Summon Ice Beast
  4494 | D:5      | Found a hazy altar of Hepliaklqana.
  4712 | D:5      | Reached skill level 1 in Summonings
  4725 | D:5      | Killed a black bear
  4726 | D:5      | Reached XP level 7. HP: 38/47 MP: 11/11
  4993 | D:5      | Noticed Duvessa
  4994 | D:5      | Noticed Dowan
  5006 | D:5      | Killed Dowan
  5007 | D:5      | Reached skill level 5 in Unarmed Combat
  5105 | D:5      | Killed Duvessa
  5183 | D:5      | Noticed Blork the orc
  5201 | D:5      | Killed Blork the orc
  5609 | D:6      | Found a sacrificial altar of Ru.
  5619 | D:6      | Reached skill level 1 in Ice Magic
  5619 | D:6      | Reached XP level 8. HP: 44/54 MP: 11/13
  5721 | D:6      | Found a runed translucent gate.
  5724 | D:6      | Found a runed translucent gate.
  5725 | D:6      | Found a runed translucent gate.
  5725 | D:6      | Noticed Sensen's ghost (novice GnWn)
  5733 | D:6      | Noticed an unseen horror
  6521 | D:7      | Found a staircase to the Ecumenical Temple.
  6527 | Temple   | Entered the Ecumenical Temple
  6943 | D:7      | Found Zirphask's Book Boutique.
  6971 | D:8      | Noticed a wyvern
  7471 | D:8      | Found Gozag's Platinum Reserve.
  7488 | D:8      | Found an opulent altar of Gozag.
  7506 | D:8      | Became a worshipper of Gozag Ym Sagoz the Greedy
  7551 | D:8      | Reached XP level 9. HP: 49/60 MP: 14/16
  7704 | D:8      | Reached skill level 1 in Throwing
  7953 | D:8      | Reached skill level 5 in Spellcasting
  8595 | D:9      | Reached skill level 1 in Conjurations
  8930 | D:9      | Noticed Pikel
  9430 | D:9      | Killed Pikel
  9431 | D:9      | Reached skill level 5 in Summonings
  9583 | D:9      | Noticed a troll
  9597 | D:9      | Killed a troll
 10263 | D:9      | Learned a level 2 spell: Blink
 10522 | D:9      | Reached skill level 1 in Translocations
 10583 | D:9      | Reached XP level 10. HP: 43/65 MP: 15/20
 10777 | D:10     | Entered Level 10 of the Dungeon
 10804 | D:10     | Found a staircase to the Lair.
 10915 | D:10     | Found a staircase to the Orcish Mines.
 11459 | D:10     | Noticed Nergalle
 11848 | D:10     | HP: 2/65 [hornet (13)]
 12128 | D:9      | Noticed a centaur warrior
 12131 | D:9      | Noticed a deep elf pyromancer
 12131 | D:9      | Noticed a four-headed hydra
 12776 | D:11     | Noticed a manticore
 12801 | D:11     | Noticed a two-headed ogre
 12896 | D:11     | Killed from afar by a manticore

Illustrated notes

Levels and vault maps discovered:
D:1:      wander_arrival_peaceful_grave, layout_rooms,
          hellmonk_ecumenical_altar_crossroads, serial_forest,
          infiniplex_forest_clump_small, infiniplex_forest_lined_ring,
          infiniplex_forest_straight_2, infiniplex_forest_lined_4_way,
          infiniplex_forest_lined_ring, infiniplex_forest_corner_1
D:2:      layout_loops_ring, uniq_robin
D:3:      layout_basic, nicolae_overflow_hidden_temple, minmay_lizard_king
D:4:      layout_loops_corners
D:5:      layout_basic, nicolae_hepliaklqana_monster_ancestors, serial_aquarium,
          aquarium_bridge_island_small [aquarium_subvault_small_open,
          aquarium_subvault_bridge, aquarium_subvault_window,
          aquarium_subvault_bridge, aquarium_subvault_bridge],
          aquarium_window_1, aquarium_window_3, aquarium_view_2d,
          aquarium_balcony_3a, aquarium_pool_2, uniq_duvessa, uniq_blork_the_orc
D:6:      layout_rooms, amcnicky_altar_gilded, gammafunk_ghost_split
D:7:      layout_basic, minmay_temple_entry_enclosed_plants, serial_shops,
          kennysheep_mini, grunt_livestock, hangedman_abyss_or_decor_stabs,
          hangedman_decor_lopped
D:8:      layout_gridville, nicolae_gozag_zags_fifth_avenue, nrook_campfire
D:9:      minmay_klotski, layout_irregular_city, uniq_pikel
D:10:     layout_loops_ring, dpeg_oklobed_lair, orc_0_dummy,
          serial_bayou_crossing, uniq_nergalle
D:11:     layout_gridville
Temple:   hellmonk_temple_two_chambers

Skill      XL: |  1  2  3  4  5  6  7  8  9 10 |
---------------+-------------------------------+-----
Spellcasting   | 1 2 3 4 6 7 |  7.8
Fighting       | 2 3 4 |  4.9
Unarmed Combat | 1 2 3 4 5 |  5.7
Summonings     | 1 2 4 6 7 |  7.3
Ice Magic      | 1 2 4 |  4.5
Throwing       | 1 |  1.1
Conjurations   | 1 |  1.2
Translocations | 1 2 |  2.1
Short Blades   | |  0.1
Long Blades    | |  0.4
Axes           | |  0.1
Dodging        | |  2.3
Stealth        | |  1.3
Shields        | |  0.1
Hexes          | |  0.1
Transmutations | |  0.9
Fire Magic     | |  0.1
Air Magic      | |  0.1
Earth Magic    | |  0.2
Poison Magic   | |  0.2
Invocations    | |  0.1
Evocations     | |  3.2

Action                   |  1- 3 |  4- 6 |  7- 9 | 10-12 || total
-------------------------+-------+-------+-------+-------++-------
Melee: Unarmed           |   113 |   113 |   251 |    79 ||   556
       Constrict         |    31 |    30 |    53 |     4 ||   118
       Tentacles         |    23 |    28 |    75 |    22 ||   148
       Punch             |     2 |     6 |    14 |     3 ||    25
 Cast: Summon Ice Beast  |       |       |     6 |     9 ||    15
Evoke: Wand              |     4 |     8 |    28 |    11 ||    51
  Use: Potion            |       |       |     9 |     6 ||    15
       Scroll            |       |       |       |    15 ||    15
 Stab: Sleeping          |     9 |    11 |     6 |     1 ||    27
       Distracted        |       |       |     2 |     1 ||     3
       Invisible         |       |       |     1 |     3 ||     4
       Paralysed         |       |       |     9 |     8 ||    17
Armor: Skin              |    15 |     5 |    39 |    33 ||    92
Dodge: Dodged            |   121 |    65 |   139 |    66 ||   391
